 Dungeon Crawl Stone Soup version 0.23-a0-183-gf37f6fb (webtiles) character file.

6 iamserjio the Chopper (level 1, -8/17 HPs)
             Began as a Draconian Wanderer on Sept 21, 2018.
             Mangled by a gnoll
             ... wielding a +0 spear
              (10 damage)
             ... on level 1 of the Dungeon.
             The game lasted 00:00:41 (138 turns).

iamserjio the Chopper (Draconian Wanderer)           Turns: 138, Time: 00:00:41

Health: -8/17      AC:  4    Str: 15    XL:     1   Next: 75%
Magic:  1/1        EV: 11    Int: 12    God:
Gold:   15         SH:  0    Dex:  9    Spells: 0/0 levels left

rFire    . . .     SeeInvis .   c - +0 hand axe
rCold    . . .     Gourm    .   (no shield)
rNeg     . . .     Faith    .   (armour unavailable)
rPois    .         Spirit   .   (helmet restricted)
rElec    .         Reflect  .   (no cloak)
rCorr    .         Harm     .   (no gloves)
MR       .....                  (no boots)
Stlth    +.........             (no amulet)
HPRegen  0.05/turn              (no ring)
MPRegen  0.07/turn              (no ring)

@: no status effects
A: unfitting armour, cold-blooded, AC +4
a: no special abilities


You were on level 1 of the Dungeon.
You were not hungry.

You visited 1 branch of the dungeon, and saw 1 of its levels.

You collected 15 gold pieces.

Inventory:

Hand Weapons
 c - a +0 hand axe (weapon)
Wands
 a - a wand of paralysis (15)
Potions
 b - a potion of lignification
Comestibles
 d - a ration
 f - 3 chunks of flesh


   Skills:
 - Level 2.1 Fighting
 - Level 4.0(4.2) Axes
   Level 2.0(3.2) Polearms
 - Level 1.0 Throwing
 * Level 1.4 Unarmed Combat
 - Level 1.0 Evocations


You couldn't memorise any spells.
You didn't know any spells.
Your spell library was empty.

Dungeon Overview and Level Annotations

Branches:
Dungeon (1/15)

Altars:


Innate Abilities, Weirdness & Mutations

Your plain brown scales are hard. (AC +4)
You cannot fit into any form of body armour.
You are cold-blooded and may be slowed by cold attacks.


Message History

There are monsters nearby!
There are monsters nearby!
The gnoll hits you but does no damage.
There is an open door here.
The gnoll closely misses you. The kobold closely misses you.
You hit the gnoll but do no damage.
Your tail-slap misses the gnoll.
You closely miss the kobold. The gnoll closely misses you.
The kobold barely misses you.
You barely miss the gnoll. You hit the kobold.
You kill the kobold!
The gnoll hits you with a spear. The gnoll barely misses you.
You slash the gnoll! The gnoll hits you but does no damage.
You closely miss the gnoll. The gnoll hits you with a spear!
Ouch! That really hurt!
* * * LOW HITPOINT WARNING * * *
You hit the gnoll but do no damage. The gnoll barely misses you.
You hit the gnoll but do no damage. The gnoll barely misses you.
You hit the gnoll. The gnoll hits you with a spear!
Ouch! That really hurt!
You die...

#. #.## #+## ..#
#...## #.#
#.....# ## ##.##
##....... ##.#
##...####........
###...#
#......('@.......
......
##...####.g.>....
#.... ##.##
##....... #...
#.# #.....# ##...
#.# #...## #....
#.# #+## ##...
#.# #.# ##.. #.#
#.# ##. #[#
####.#### #######


You could see a gnoll.

Vanquished Creatures
  A leopard gecko (D:1)
  A goblin (D:1)
  A hobgoblin (D:1)
  A kobold (D:1)
4 creatures vanquished.

Notes
Turn   | Place    | Note
-------+----------+-------------------------------------------
     0 | D:1      | iamserjio the Draconian Wanderer began the quest for the
                  | Orb.
     0 | D:1      | iamserjio set off with: a wand of paralysis (15), a potion
                  | of lignification, a +0 hand axe, a ration
     0 | D:1      | Reached XP level 1. HP: 17/17 MP: 1/1
    99 | D:1      | Reached skill level 1 in Unarmed Combat
   138 | D:1      | Mangled by a gnoll

Vault maps used:
D:1:      eino_arrival_tree_alley, fountainhead

Skill      XL: |  1 |
---------------+----+-----
Unarmed Combat | 1 |  1.4
Fighting       | |  2.1
Axes           | |  4.0
Polearms       | |  2.0
Throwing       | |  1.0
Evocations     | |  1.0

Action                   || total
-------------------------++-------
Melee: Hand axe          ||    17
Armor: Skin              ||     4
Dodge: Dodged            ||    13

Table legend:
 A = Non-vault XP
 B = Vault XP
 C = Vault XP percentage of total XP
 D = Non-vault monster count
 E = Vault monster count
 F = Vault count percentage of total count
                 A         B        C        D         E       F
            +---------+---------+-------+---------+---------+-------
      Total |       9 |       0 |   0.0 |       4 |       0 |   0.0
            +---------+---------+-------+---------+---------+-------
        D:1 |       9 |       0 |   0.0 |       4 |       0 |   0.0
            +---------+---------+-------+---------+---------+-------
